[Event "ICC tourney 2532 (25 5)"]
[Site "Internet Chess Club"]
[Date "2021.04.24"]
[Round "3"]
[White "EISENMAN, KATHERINE:K12-15352585"]
[Black "VILLASENOR, ERIK:K12-14984325"]
[Result "1-0"]
[ICCResult "Black checkmated"]
[WhiteElo "1557"]
[BlackElo "851"]
[Opening "Queen's pawn game"]
[ECO "D02"]
[NIC "QP.08"]
[Time "15:10:47"]
[PlyCount "31"]
[TimeControl "1500+5"]

1. d4 d5 2. Nf3 e6 3. Bf4 Bd6 4. Bg3 Bxg3 5. hxg3 Nc6 6. e3 Nf6 7. c4 O-O
8. Nc3 a6 9. Bd3 Nb4 10. Bb1 dxc4 11. a3 Nbd5 12. Ne4 Nxe4 13. Bxe4 Nf6 14.
Qc2 Nxe4 15. Qxe4 Qd5 16. Qxh7# { Black checkmated } 1-0

[Event "ICC tourney 2532 (25 5)"]
[Site "Internet Chess Club"]
[Date "2021.04.24"]
[Round "3"]
[White "JONES, JAVADE:K12-16985577"]
[Black "JAIN, PRISHA:K12-15089392"]
[Result "0-1"]
[ICCResult "White checkmated"]
[WhiteElo "432"]
[BlackElo "1520"]
[Opening "English opening"]
[ECO "A20"]
[NIC "EO.03"]
[Time "15:10:42"]
[PlyCount "34"]
[TimeControl "1500+5"]

1. c4 e5 2. g3 Nf6 3. Bg2 d5 4. cxd5 Nxd5 5. Nf3 Nc6 6. Nc3 Nf6 7. b4 Bxb4
8. Nxe5 Nxe5 9. Qa4+ Nc6 10. Bxc6+ bxc6 11. Qxc6+ Bd7 12. Qc4 Bxc3 13. Qxc3
O-O 14. O-O Bh3 15. Re1 Qd5 16. Qf3 Qxf3 17. e3 Qg2# { White checkmated }
0-1

[Event "ICC tourney 2532 (25 5)"]
[Site "Internet Chess Club"]
[Date "2021.04.24"]
[Round "3"]
[White "C FOX, NOLAN:K12-30126081"]
[Black "BENDRE, SOHAN ANUP:K12-14940058"]
[Result "0-1"]
[ICCResult "White resigns"]
[WhiteElo "318"]
[BlackElo "1525"]
[Opening "Sicilian"]
[ECO "B50"]
[NIC "SI.01"]
[Time "15:09:27"]
[PlyCount "54"]
[TimeControl "1500+5"]

1. e4 c5 2. Nf3 d6 3. Nc3 Nf6 4. Bb5+ Bd7 5. Bxd7+ Nbxd7 6. O-O g6 7. d3
Bg7 8. Bf4 O-O 9. Qd2 Rc8 10. Rad1 Ng4 11. h3 Nge5 12. Nxe5 Nxe5 13. Bxe5
Bxe5 14. Rfe1 e6 15. f4 Bg7 16. Rf1 Qb6 17. Kh1 Qxb2 18. Ra1 Qxc3 19. Qxc3
Bxc3 20. Rab1 b6 21. Rb3 Bg7 22. Ra3 Rc7 23. Rb1 d5 24. exd5 exd5 25. c4
dxc4 26. dxc4 Re8 27. Rc1 Bb2 { White resigns } 0-1

[Event "ICC tourney 2532 (25 5)"]
[Site "Internet Chess Club"]
[Date "2021.04.24"]
[Round "3"]
[White "XU, JAYDEN:K12-15918365"]
[Black "VASIREDDY, SACHITH:K12-17163507"]
[Result "1-0"]
[ICCResult "Black checkmated"]
[WhiteElo "1773"]
[BlackElo "169"]
[Opening "Queen's gambit accepted"]
[ECO "D20"]
[NIC "QG.03"]
[Time "15:15:19"]
[PlyCount "63"]
[TimeControl "1500+5"]

1. d4 d5 2. c4 dxc4 3. e3 Nf6 4. Bxc4 Nc6 5. Nc3 e6 6. Nf3 Bb4 7. Bd2 Bd7
8. O-O O-O 9. a3 Bxc3 10. Bxc3 Ne4 11. d5 Nxc3 12. bxc3 exd5 13. Bxd5 h6
14. Qc2 g6 15. Rfd1 Bf5 16. e4 Bd7 17. e5 Qe8 18. Qxg6+ Kh8 19. Qxh6+ Kg8
20. Ng5 Bf5 21. e6 fxe6 22. Bxe6+ Rf7 23. Bxf7+ Qxf7 24. Nxf7 Kxf7 25. Qf4
Ke6 26. Re1+ Kd5 27. Qxf5+ Kc4 28. Re4+ Kxc3 29. Qf3+ Kc2 30. Ra2+ Kb1 31.
Rd2 Kc1 32. Qd1# { Black checkmated } 1-0

[Event "ICC tourney 2532 (25 5)"]
[Site "Internet Chess Club"]
[Date "2021.04.24"]
[Round "3"]
[White "WEIHENG CHENG, ADRIEN:K12-16318903"]
[Black "CRNKOVICH, LEIF:K12-30020685"]
[Result "1-0"]
[ICCResult "Black checkmated"]
[WhiteElo "1439"]
[BlackElo "634"]
[Opening "Bird's opening"]
[ECO "A02"]
[NIC "VO.07"]
[Time "15:10:11"]
[PlyCount "119"]
[TimeControl "1500+5"]

1. f4 d6 2. e3 e5 3. Nc3 Nf6 4. d3 Bg4 5. Nf3 Nc6 6. Be2 Be7 7. fxe5 Nxe5
8. O-O Qd7 9. Nxe5 Bxe2 10. Nxd7 Bxd1 11. Nxf6+ Bxf6 12. Rxd1 Bxc3 13. bxc3
Kd7 14. Rf1 f6 15. e4 Rhe8 16. c4 Re5 17. Bb2 Re6 18. Bc3 c5 19. Rab1 b6
20. a4 Kc6 21. a5 Rb8 22. axb6 Rxb6 23. Rxb6+ axb6 24. Rb1 Re7 25. Kf2 Rb7
26. Ke3 b5 27. cxb5+ Rxb5 28. Rxb5 Kxb5 29. g4 Kc6 30. h4 Kd7 31. g5 Ke6
32. gxf6 gxf6 33. Kf4 h6 34. Bb2 h5 35. Bc3 d5 36. exd5+ Kxd5 37. Bxf6 c4
38. dxc4+ Kxc4 39. Kg5 Kd5 40. Kxh5 Ke6 41. Kg6 Kd7 42. h5 Ke8 43. Bg7 Ke7
44. h6 Ke6 45. h7 Kd6 46. Be5+ Kxe5 47. h8=Q+ Kd5 48. c4+ Kxc4 49. Qe5 Kd3
50. Qf4 Ke2 51. Qg3 Kd2 52. Qf3 Kc2 53. Qe3 Kb2 54. Qd3 Ka1 55. Qd2 Kb1 56.
Kf5 Ka1 57. Ke4 Kb1 58. Kd3 Ka1 59. Kc3 Kb1 60. Qb2# { Black checkmated }
1-0

[Event "ICC tourney 2532 (25 5)"]
[Site "Internet Chess Club"]
[Date "2021.04.24"]
[Round "3"]
[White "ARMIN DONG, CONNOR:K12-14608563"]
[Black "PIPER, DARIUS:K12-17113332"]
[Result "1-0"]
[ICCResult "Black checkmated"]
[WhiteElo "1676"]
[BlackElo "1018"]
[Opening "Scotch: Potter variation"]
[ECO "C45"]
[NIC "SO.05"]
[Time "15:10:47"]
[PlyCount "41"]
[TimeControl "1500+5"]

1. e4 e5 2. Nf3 Nc6 3. d4 exd4 4. Nxd4 Bc5 5. Nb3 Bb6 6. Nc3 Nf6 7. Qe2 d6
8. Be3 O-O 9. O-O-O Bg4 10. f3 Be6 11. g4 Bxb3 12. cxb3 h6 13. h4 Bxe3+ 14.
Qxe3 Nh7 15. f4 f6 16. Bc4+ Kh8 17. Qh3 Re8 18. g5 h5 19. g6 Nf8 20. Qf5
Nxg6 21. Qxh5# { Black checkmated } 1-0

[Event "ICC tourney 2532 (25 5)"]
[Site "Internet Chess Club"]
[Date "2021.04.24"]
[Round "3"]
[White "OSKIPER, CONSTANTINE:K12-14338863"]
[Black "GRABINSKY, JOSHUA:K12-14729181"]
[Result "1-0"]
[ICCResult "Black checkmated"]
[WhiteElo "1909"]
[BlackElo "2315"]
[Opening "Catalan: closed, 5.Nf3"]
[ECO "E06"]
[NIC "CA.05"]
[Time "15:10:27"]
[PlyCount "107"]
[TimeControl "1500+5"]

1. d4 Nf6 2. c4 e6 3. Nf3 d5 4. g3 Be7 5. Bg2 O-O 6. O-O dxc4 7. Ne5 Nc6 8.
Bxc6 bxc6 9. Nxc6 Qe8 10. Nxe7+ Qxe7 11. Qa4 e5 12. dxe5 Qxe5 13. Nc3 Qf5
14. Qxc4 Bb7 15. Qxc7 Rab8 16. Qf4 Qh3 17. f3 Rfe8 18. e4 Ba6 19. Rd1 Rbd8
20. Be3 Bd3 21. Rd2 Nh5 22. Qg4 Qxg4 23. fxg4 Nf6 24. Rad1 Nxg4 25. Rxd3
Rxd3 26. Rxd3 f5 27. Bf2 fxe4 28. Rd4 Rf8 29. Nxe4 Ne5 30. Kg2 h5 31. Rd5
Nc4 32. b3 Na3 33. Rxh5 Re8 34. Nd6 Re2 35. Ra5 Nc2 36. Kf1 Rd2 37. Nc4
Rd1+ 38. Ke2 Rh1 39. Rxa7 Rxh2 40. Kf3 Nb4 41. a4 Nd3 42. Be3 Ne1+ 43. Ke4
Rg2 44. a5 Rxg3 45. a6 Rg6 46. Ra8+ Kh7 47. Ne5 Re6 48. Kd5 Rf6 49. a7 Ra6
50. Rf8 Nc2 51. Bc5 Ra5 52. a8=Q Nb4+ 53. Kc4 Na6 54. Qh1# { Black
checkmated } 1-0

[Event "ICC tourney 2532 (25 5)"]
[Site "Internet Chess Club"]
[Date "2021.04.24"]
[Round "3"]
[White "SU, KENNETH:K12-15191452"]
[Black "JIANG, LEO:K12-14738650"]
[Result "1-0"]
[ICCResult "Black resigns"]
[WhiteElo "2160"]
[BlackElo "1871"]
[Opening "French: Two knights variation"]
[ECO "C00"]
[NIC "FR.01"]
[Time "15:09:37"]
[PlyCount "53"]
[TimeControl "1500+5"]

1. e4 e6 2. Nf3 d5 3. Nc3 Nf6 4. e5 Nfd7 5. d4 c5 6. Bg5 Be7 7. Bxe7 Qxe7
8. Nb5 Na6 9. Nd6+ Kf8 10. Bxa6 bxa6 11. c3 c4 12. b3 Nb6 13. Nd2 cxb3 14.
axb3 Bb7 15. f4 g6 16. O-O Kg7 17. Qg4 Bc8 18. c4 dxc4 19. bxc4 Bd7 20.
Rxa6 h5 21. Qg5 Qd8 22. Rfa1 Nc8 23. N2e4 Qxg5 24. fxg5 Rd8 25. Rf1 Nxd6
26. Nxd6 Be8 27. c5 { Black resigns } 1-0

[Event "ICC tourney 2532 (25 5)"]
[Site "Internet Chess Club"]
[Date "2021.04.24"]
[Round "3"]
[White "DESAI, RIYA:K12-16115845"]
[Black "IYER, AKSHAT:K12-15718767"]
[Result "0-1"]
[ICCResult "White checkmated"]
[WhiteElo "992"]
[BlackElo "1621"]
[Opening "Caro-Kann: advance variation"]
[ECO "B12"]
[NIC "CK.04"]
[Time "15:10:47"]
[PlyCount "88"]
[TimeControl "1500+5"]

1. e4 c6 2. d4 d5 3. e5 Bf5 4. Nf3 e6 5. Nc3 Nd7 6. Nh4 Bg6 7. Nxg6 hxg6 8.
Bd3 c5 9. dxc5 Bxc5 10. O-O Qh4 11. h3 Nxe5 12. Re1 Bxf2+ 13. Kf1 Bxe1 14.
Qxe1 Qxe1+ 15. Kxe1 Nxd3+ 16. cxd3 Nf6 17. Nb5 Kd7 18. d4 a6 19. Nc3 Rh4
20. Bg5 Rxd4 21. Ne2 Rb4 22. b3 Rc8 23. Rc1 Rxc1+ 24. Nxc1 Ne4 25. Nd3 Rd4
26. Nc5+ Nxc5 27. Be3 Re4 28. Kd2 Rxe3 29. Kxe3 Kd6 30. Kd4 e5+ 31. Ke3 d4+
32. Kd2 Kd5 33. g4 e4 34. h4 e3+ 35. Ke2 Ke4 36. b4 d3+ 37. Kd1 Na4 38. a3
Nc3+ 39. Ke1 d2+ 40. Kf1 d1=Q+ 41. Kg2 Qf3+ 42. Kg1 Ne2+ 43. Kh2 Qg3+ 44.
Kh1 Qg1# { White checkmated } 0-1

[Event "ICC tourney 2532 (25 5)"]
[Site "Internet Chess Club"]
[Date "2021.04.24"]
[Round "3"]
[White "ROGERS, CAM:K12-16639568"]
[Black "WANG, RICHARD:K12-16267445"]
[Result "0-1"]
[ICCResult "White checkmated"]
[WhiteElo "463"]
[BlackElo "1178"]
[Opening "Polish (Sokolsky) opening"]
[ECO "A00"]
[NIC "VO.10"]
[Time "15:10:28"]
[PlyCount "80"]
[TimeControl "1500+5"]

1. b4 e5 2. Bb2 d6 3. e4 f5 4. Bc4 Ne7 5. Nf3 f4 6. Ng5 Ng6 7. Qh5 Be7 8.
Bf7+ Kf8 9. Nxh7+ Kxf7 10. d3 Bf6 11. Nd2 Be6 12. Nf3 Nd7 13. Nfg5+ Bxg5
14. Nxg5+ Kf6 15. Nh7+ Kf7 16. Ng5+ Kg8 17. Qxg6 Rh6 18. Qxh6 gxh6 19. Nxe6
Qe7 20. Nxc7 Rc8 21. Nd5 Qg5 22. Rg1 Rxc2 23. Bc1 Qg4 24. f3 Qg7 25. d4
Rxg2 26. Rh1 Rg1+ 27. Rxg1 Qxg1+ 28. Kd2 Qxd4+ 29. Kc2 Qxa1 30. Bb2 Qxa2
31. b5 Qc4+ 32. Kb1 Nb6 33. Ne7+ Kf7 34. Nf5 Kf6 35. Nxd6 Qf1+ 36. Bc1 Qxf3
37. Nxb7 Qb3+ 38. Bb2 Nc4 39. Kc1 Qxb2+ 40. Kd1 Qd2# { White checkmated }
0-1

[Event "ICC tourney 2532 (25 5)"]
[Site "Internet Chess Club"]
[Date "2021.04.24"]
[Round "3"]
[White "KARP, RICHARD:K12-15130704"]
[Black "SOLLINGER, SAMUEL:K12-16921437"]
[Result "1-0"]
[ICCResult "Black checkmated"]
[WhiteElo "1633"]
[BlackElo "943"]
[Opening "Nimzovich-Larsen attack: modern variation"]
[ECO "A01"]
[NIC "VO.08"]
[Time "15:11:01"]
[PlyCount "111"]
[TimeControl "1500+5"]

1. b3 e5 2. Bb2 Nc6 3. e3 d5 4. Bb5 d4 5. exd4 exd4 6. Nf3 Bc5 7. O-O Ne7
8. Re1 Bd7 9. Na3 a6 10. Bd3 Bxa3 11. Bxa3 b5 12. Ne5 Nxe5 13. Rxe5 O-O 14.
Bxe7 Qe8 15. Qh5 h6 16. Bxf8 Qxf8 17. Rae1 Rd8 18. Re7 Re8 19. Rxe8 Bxe8
20. Qf5 g6 21. Qf6 c6 22. Qe7 Qxe7 23. Rxe7 Kf8 24. Ra7 c5 25. Rxa6 c4 26.
bxc4 bxc4 27. Bxc4 f5 28. Rd6 Kg7 29. Rxd4 g5 30. Rd5 f4 31. Bb5 Bh5 32. h4
Kf6 33. hxg5+ hxg5 34. c4 Ke6 35. a4 f3 36. gxf3 Bxf3 37. Rd8 g4 38. Kh2
Ke7 39. Rd3 Bd1 40. Kg3 Bc2 41. Rd4 Ke6 42. Rxg4 Kd6 43. d4 Kc7 44. Kf4 Kb6
45. Ke5 Ka5 46. f4 Bd1 47. Rg7 Bb3 48. c5 Bc2 49. c6 Bb3 50. c7 Ba2 51.
c8=Q Bb3 52. Qc3+ Kb6 53. Rg6+ Ka7 54. Qc5+ Kb8 55. Qb6+ Ka8 56. Bc6# {
Black checkmated } 1-0

[Event "ICC tourney 2532 (25 5)"]
[Site "Internet Chess Club"]
[Date "2021.04.24"]
[Round "3"]
[White "CARMINA, JONATHAN:K12-15466693"]
[Black "BANSAL, ADVAY:K12-16068511"]
[Result "0-1"]
[ICCResult "White checkmated"]
[WhiteElo "1183"]
[BlackElo "1974"]
[Opening "Sicilian: Smith-Morra gambit"]
[ECO "B21"]
[NIC "SI.48"]
[Time "15:09:16"]
[PlyCount "110"]
[TimeControl "1500+5"]

1. e4 c5 2. d4 cxd4 3. c3 d3 4. Qxd3 Nc6 5. g3 g6 6. Bg2 Bg7 7. Nf3 d6 8.
Bg5 Nf6 9. O-O O-O 10. Qe3 Be6 11. Nbd2 Rc8 12. Rad1 Qc7 13. Bh6 Ng4 14.
Qd3 Bxh6 15. h3 Nge5 16. Nxe5 Nxe5 17. Qe2 Nc4 18. f4 Qb6+ 19. Kh2 Ne3 20.
f5 Nxf1+ 21. Rxf1 Qe3 22. Qxe3 Bxe3 23. fxe6 Bxd2 24. Rd1 Bh6 25. exf7+ Kg7
26. e5 dxe5 27. b4 Rxf7 28. Rd3 e6 29. Bxb7 Rxb7 30. h4 Rbc7 31. g4 Bf4+
32. Kh3 Rxc3 33. Rxc3 Rxc3+ 34. Kg2 Rc2+ 35. Kf3 Rxa2 36. h5 gxh5 37. gxh5
a5 38. bxa5 Rxa5 39. Ke4 Be3 40. Kxe3 e4 41. Kxe4 Rxh5 42. Kf4 Rf5+ 43. Ke4
h5 44. Ke3 h4 45. Ke4 h3 46. Kd4 h2 47. Ke4 h1=Q+ 48. Kd4 Qd1+ 49. Ke4 Qe2+
50. Kd4 Rd5+ 51. Kc3 Qb5 52. Kc2 Qc4+ 53. Kb2 Rb5+ 54. Ka3 Qb4+ 55. Ka2
Qa4# { White checkmated } 0-1

[Event "ICC tourney 2532 (25 5)"]
[Site "Internet Chess Club"]
[Date "2021.04.24"]
[Round "3"]
[White "HUA, CHARLES:K12-14763433"]
[Black "EDWARD MCDONNELL, PATRICK:K12-17294137"]
[Result "1-0"]
[ICCResult "Black checkmated"]
[WhiteElo "2108"]
[BlackElo "218"]
[Opening "Pirc: classical (two knights) system"]
[ECO "B08"]
[NIC "PU.10"]
[Time "15:10:38"]
[PlyCount "45"]
[TimeControl "1500+5"]

1. e4 d6 2. d4 Nf6 3. Nc3 g6 4. Nf3 Bg7 5. Bd3 O-O 6. O-O c5 7. Be3 cxd4 8.
Nxd4 e5 9. Nf3 Nc6 10. a3 Be6 11. h3 d5 12. Bg5 h6 13. exd5 Bxd5 14. Bxf6
Bxf6 15. Nxd5 Qxd5 16. Qe2 Rfe8 17. Bc4 Qc5 18. Qe4 Rad8 19. Qxg6+ Bg7 20.
Bxf7+ Kh8 21. Ng5 hxg5 22. Qh5+ Bh6 23. Qxh6# { Black checkmated } 1-0

[Event "ICC tourney 2532 (25 5)"]
[Site "Internet Chess Club"]
[Date "2021.04.24"]
[Round "3"]
[White "SEO, CHRISTOPHER:K12-15644992"]
[Black "TEITELMAN, JACOB:K12-15145191"]
[Result "0-1"]
[ICCResult "White resigns"]
[WhiteElo "1008"]
[BlackElo "1689"]
[Opening "Scandinavian: Pytel-Wade variation"]
[ECO "B01"]
[NIC "SD.02"]
[Time "15:10:10"]
[PlyCount "97"]
[TimeControl "1500+5"]

1. e4 d5 2. exd5 Qxd5 3. Nc3 Qd6 4. d3 c6 5. Nf3 Bg4 6. Be2 Nf6 7. h3 Bh5
8. Bg5 Nbd7 9. Qd2 e6 10. O-O-O Be7 11. g4 Bg6 12. Nh4 O-O-O 13. Nxg6 hxg6
14. Bxf6 Nxf6 15. h4 Nd5 16. g5 Nxc3 17. Qxc3 Qd5 18. Kb1 Bxg5 19. Qxg7
Bxh4 20. Rh3 Qf5 21. Rdh1 Qxf2 22. Bd1 Rdg8 23. Qc3 Qf6 24. Qxf6 Bxf6 25.
Rxh8 Rxh8 26. Rf1 Bg5 27. c3 f6 28. Re1 Kd7 29. Bf3 Bf4 30. Re4 Bd6 31. Ra4
a6 32. d4 f5 33. c4 Rh4 34. c5 Bxc5 35. Rc4 Bxd4 36. Rb4 b5 37. Kc2 Bf6 38.
Rb3 g5 39. Ra3 Rh2+ 40. Kd3 Rxb2 41. Rxa6 g4 42. Bxc6+ Ke7 43. Ra7+ Kd6 44.
Bd7 g3 45. a4 g2 46. Bxe6 Kxe6 47. Ra6+ Kf7 48. axb5 g1=Q 49. b6 { White
resigns } 0-1

[Event "ICC tourney 2532 (25 5)"]
[Site "Internet Chess Club"]
[Date "2021.04.24"]
[Round "3"]
[White "WANG, JUSTIN:K12-14930904"]
[Black "JOSHI, RAJAS:K12-16991627"]
[Result "1-0"]
[ICCResult "Black checkmated"]
[WhiteElo "2540"]
[BlackElo "749"]
[Opening "QGD: Ragozin variation"]
[ECO "D38"]
[NIC "NI.27"]
[Time "15:10:27"]
[PlyCount "71"]
[TimeControl "1500+5"]

1. d4 Nf6 2. c4 e6 3. Nf3 d5 4. Nc3 Bb4 5. Qa4+ Nc6 6. e3 O-O 7. Bd2 Bd7 8.
Qc2 dxc4 9. Bxc4 a6 10. e4 Bc8 11. Be3 Ng4 12. a3 Be7 13. e5 Na5 14. Bd3
Nxe3 15. fxe3 Bd7 16. b4 Nc6 17. Bxh7+ Kh8 18. h4 g6 19. h5 a5 20. hxg6 f5
21. exf6 Rxf6 22. b5 Na7 23. Ne4 Rxf3 24. gxf3 Bh4+ 25. Kd1 Nxb5 26. Qh2
Nxd4 27. Qe5+ Bf6 28. Bg8+ Kg7 29. Rh7+ Kf8 30. Rf7+ Kxg8 31. Nxf6+ Qxf6
32. Qxf6 Nf5 33. Rxd7 Nxe3+ 34. Ke2 Nf5 35. Qf7+ Kh8 36. Qh7# { Black
checkmated } 1-0

[Event "ICC tourney 2532 (25 5)"]
[Site "Internet Chess Club"]
[Date "2021.04.24"]
[Round "3"]
[White "BENNETT, MOSES:K12-15673611"]
[Black "TSYGANOVA, MARGARITA:K12-15922341"]
[Result "0-1"]
[ICCResult "White checkmated"]
[WhiteElo "910"]
[BlackElo "1616"]
[Opening "French: Two knights variation"]
[ECO "C00"]
[NIC "FR.01"]
[Time "15:10:27"]
[PlyCount "44"]
[TimeControl "1500+5"]

1. e4 e6 2. Nf3 d5 3. Nc3 Nf6 4. d4 dxe4 5. Ne5 c6 6. Bg5 Nbd7 7. Nxe4 Nxe5
8. dxe5 Qa5+ 9. b4 Bxb4+ 10. c3 Nxe4 11. cxb4 Qxb4+ 12. Ke2 Nc3+ 13. Ke3
Qe4+ 14. Kd2 Nxd1 15. Rxd1 Qxe5 16. f4 Qa5+ 17. Ke2 O-O 18. Kf2 e5 19. f5
Bxf5 20. Kg1 Qc5+ 21. Rd4 Qxd4+ 22. Be3 Qxe3# { White checkmated } 0-1

[Event "ICC tourney 2532 (25 5)"]
[Site "Internet Chess Club"]
[Date "2021.04.24"]
[Round "3"]
[White "WANG, ALEXANDER:K12-16227962"]
[Black "ELLIS, PRESTON:K12-16267430"]
[Result "1-0"]
[ICCResult "Black checkmated"]
[WhiteElo "1491"]
[BlackElo "733"]
[Opening "Ruy Lopez: four knights (Tarrasch) variation"]
[ECO "C48"]
[NIC "KP.03"]
[Time "15:11:02"]
[PlyCount "61"]
[TimeControl "1500+5"]

1. e4 e5 2. Nf3 Nf6 3. Nc3 Nc6 4. Bb5 a6 5. Ba4 b5 6. Bb3 Bd6 7. O-O O-O 8.
d3 Bb7 9. Bg5 h6 10. Bh4 Nd4 11. Nxd4 exd4 12. Ne2 Bxh2+ 13. Kxh2 Ng4+ 14.
Kg3 g5 15. Kxg4 gxh4 16. f4 d6 17. Kf3 c5 18. Qe1 d5 19. Rh1 dxe4+ 20. dxe4
Re8 21. Qxh4 Bxe4+ 22. Kf2 Qd6 23. Qxh6 Qxh6 24. Rxh6 c4 25. Nxd4 cxb3 26.
axb3 Rad8 27. Rah1 Kg7 28. c3 Bg6 29. f5 Bxf5 30. Nxf5+ Kg8 31. Rh8# {
Black checkmated } 1-0

[Event "ICC tourney 2532 (25 5)"]
[Site "Internet Chess Club"]
[Date "2021.04.24"]
[Round "3"]
[White "WHITE, GABRIEL:K12-14675560"]
[Black "BRAWER, GRIFFIN:K12-15017121"]
[Result "1-0"]
[ICCResult "Black checkmated"]
[WhiteElo "1889"]
[BlackElo "1241"]
[Opening "Ruy Lopez: old Steinitz defense"]
[ECO "C62"]
[NIC "RL.02"]
[Time "15:09:25"]
[PlyCount "55"]
[TimeControl "1500+5"]

1. e4 e5 2. Nf3 Nc6 3. Bb5 d6 4. c3 Bd7 5. d4 Nf6 6. O-O a6 7. Ba4 b5 8.
Bc2 Bg4 9. Be3 h6 10. Nbd2 exd4 11. cxd4 Be7 12. Rc1 O-O 13. h3 Bh5 14. g4
Bg6 15. e5 dxe5 16. Bxg6 exd4 17. Bf4 fxg6 18. Rxc6 Nd5 19. Bg3 g5 20. Nxd4
Nb4 21. Ne6 Qd5 22. Rxc7 Qxe6 23. Re1 Qxa2 24. Rexe7 Rfd8 25. Rxg7+ Kf8 26.
Qf3+ Ke8 27. Qe4+ Kf8 28. Qe7# { Black checkmated } 1-0

[Event "ICC tourney 2532 (25 5)"]
[Site "Internet Chess Club"]
[Date "2021.04.24"]
[Round "3"]
[White "OBEROI, SHELEV:K12-14961028"]
[Black "RAJA, ABHINAV:K12-16290326"]
[Result "1-0"]
[ICCResult "Black resigns"]
[WhiteElo "2277"]
[BlackElo "1253"]
[Opening "Sicilian: Alapin's variation (2.c3)"]
[ECO "B22"]
[NIC "SI.46"]
[Time "15:10:27"]
[PlyCount "57"]
[TimeControl "1500+5"]

1. e4 c5 2. c3 d5 3. exd5 Qxd5 4. Nf3 Bg4 5. Be2 Nc6 6. d4 e5 7. c4 Qd6 8.
d5 Bxf3 9. Bxf3 Nd4 10. Nc3 f5 11. O-O O-O-O 12. Be3 e4 13. Be2 Qf6 14. b4
Nxe2+ 15. Nxe2 g5 16. Bxc5 Bxc5 17. bxc5 f4 18. c6 f3 19. cxb7+ Kb8 20. Ng3
Qf4 21. gxf3 exf3 22. Re1 h5 23. Re4 Qf7 24. Qd4 Qd7 25. Qe5+ Kxb7 26. Rb1+
Ka8 27. d6 Nf6 28. Qxf6 Rhf8 29. Qxg5 { Black resigns } 1-0

[Event "ICC tourney 2532 (25 5)"]
[Site "Internet Chess Club"]
[Date "2021.04.24"]
[Round "3"]
[White "TSAY, VINCENT:K12-15297685"]
[Black "HOWARD MCNUTT, WILLIAM:K12-14715106"]
[Result "1-0"]
[ICCResult "Black resigns"]
[WhiteElo "2392"]
[BlackElo "1941"]
[Opening "QGD Slav: exchange variation"]
[ECO "D13"]
[NIC "SL.02"]
[Time "15:09:29"]
[PlyCount "43"]
[TimeControl "1500+5"]

1. d4 d5 2. c4 c6 3. Nf3 Nf6 4. cxd5 cxd5 5. Nc3 Nc6 6. Bf4 e6 7. e3 a6 8.
Bd3 Bd6 9. Bg3 O-O 10. O-O b5 11. Rc1 Bb7 12. Qe2 Bxg3 13. hxg3 Qb6 14.
Rfd1 Rfd8 15. g4 h6 16. g5 hxg5 17. Nxg5 g6 18. Qf3 Kg7 19. Ne2 Ne7 20. Nf4
Rac8 21. Qg3 Nf5 22. Ngxe6+ { Black resigns } 1-0

[Event "ICC tourney 2532 (25 5)"]
[Site "Internet Chess Club"]
[Date "2021.04.24"]
[Round "3"]
[White "ADEWUMI, TANITOLUWA:K12-16649696"]
[Black "ORUGANTI, SURAJ:K12-15521792"]
[Result "0-1"]
[ICCResult "White resigns"]
[WhiteElo "2108"]
[BlackElo "1771"]
[Opening "Queen's pawn, Mason variation"]
[ECO "D00"]
[NIC "QP.08"]
[Time "15:10:10"]
[PlyCount "60"]
[TimeControl "1500+5"]

1. d4 d5 2. Bf4 Nf6 3. e3 e6 4. Nf3 c5 5. Nc3 a6 6. Be2 Be7 7. dxc5 Bxc5 8.
O-O O-O 9. a3 Nc6 10. Na4 Ba7 11. Nd4 Bd7 12. Nc3 Nxd4 13. exd4 Qb6 14. Be5
Ne8 15. Bd3 f6 16. Qh5 g6 17. Bxg6 hxg6 18. Qxg6+ Ng7 19. Bxf6 Rxf6 20.
Qxf6 Qxb2 21. Ne2 Qxc2 22. Nf4 Rf8 23. Qh4 Bxd4 24. Ng6 Qxg6 25. Qxd4 Nh5
26. f4 Qg4 27. g3 Nxg3 28. hxg3 Qxg3+ 29. Kh1 Rf7 30. Qd3 Qxd3 { White
resigns } 0-1

[Event "ICC tourney 2532 (25 5)"]
[Site "Internet Chess Club"]
[Date "2021.04.24"]
[Round "3"]
[White "R PANUELOS, MIKE:K12-15240866"]
[Black "D BLOCK, JONAH:K12-15976216"]
[Result "0-1"]
[ICCResult "White resigns"]
[WhiteElo "1137"]
[BlackElo "436"]
[Opening "Queen's pawn: Charlick (Englund) gambit"]
[ECO "A40"]
[NIC "QO.17"]
[Time "15:10:11"]
[PlyCount "112"]
[TimeControl "1500+5"]

1. d4 e5 2. dxe5 Nc6 3. Nf3 Qe7 4. a3 Nxe5 5. e4 g6 6. Bf4 Bg7 7. Bxe5 Bxe5
8. Nxe5 Qxe5 9. Nc3 Nf6 10. Bd3 d5 11. Qe2 dxe4 12. Bxe4 Nxe4 13. Qb5+ Qxb5
14. Nxb5 O-O 15. Nxc7 Rb8 16. O-O-O Nxf2 17. Rhe1 Nxd1 18. Rxd1 Bg4 19. Re1
Rbc8 20. Nd5 Bf5 21. Ne7+ Kg7 22. Nxc8 Rxc8 23. c3 a5 24. h3 b5 25. Re5 b4
26. Rxa5 bxc3 27. bxc3 Rxc3+ 28. Kd2 Rd3+ 29. Ke2 Rd6 30. Kf3 Rd4 31. Ke3
Re4+ 32. Kf3 Rd4 33. Ke3 Re4+ 34. Kf3 Rc4 35. Ke3 Re4+ 36. Kf3 Rc4 37. Ke3
Be4 38. Kf2 Rc2+ 39. Kg3 Rxg2+ 40. Kf4 Bf5 41. h4 Rh2 42. Kg5 Rf2 43. h5
Rg2+ 44. Kh4 Rf2 45. Kg5 h6+ 46. Kh4 gxh5 47. Kg3 Rf1 48. Kg2 Rf4 49. Kg3
Rg4+ 50. Kh3 Kg6 51. a4 Rxa4+ 52. Kg3 Rxa5 53. Kf2 h4 54. Kg2 h3+ 55. Kh2
Ra2+ 56. Kg1 h2+ { White resigns } 0-1

[Event "ICC tourney 2532 (25 5)"]
[Site "Internet Chess Club"]
[Date "2021.04.24"]
[Round "3"]
[White "LENCZ, ETHAN:K12-15209290"]
[Black "KARTHIK, SHARADHA:K12-17095438"]
[Result "1-0"]
[ICCResult "Black resigns"]
[WhiteElo "1070"]
[BlackElo "398"]
[Opening "Giuoco Piano"]
[ECO "C54"]
[NIC "IG.02"]
[Time "15:10:47"]
[PlyCount "49"]
[TimeControl "1500+5"]

1. e4 e5 2. Nf3 Nc6 3. Bc4 Bc5 4. c3 Nf6 5. d4 Bxd4 6. cxd4 d6 7. Nc3 Bg4
8. h3 Bd7 9. Bg5 h6 10. Bh4 Rg8 11. Nd5 g5 12. Bg3 Be6 13. dxe5 dxe5 14.
Bxe5 Nxe5 15. Nxe5 Nxe4 16. Bb3 g4 17. Nxg4 Rg5 18. Nf4 Bd7 19. Qe2 Bc6 20.
f3 f5 21. Nxh6 Kf8 22. Ne6+ Ke8 23. Nxd8 Kxd8 24. Nf7+ Ke8 25. Nxg5 { Black
resigns } 1-0

[Event "ICC tourney 2532 (25 5)"]
[Site "Internet Chess Club"]
[Date "2021.04.24"]
[Round "3"]
[White "AMIT SONEJI, ARIN:K12-16463845"]
[Black "FRIDLYAND FRIDLYAND, DANIEL:K12-14634753"]
[Result "1-0"]
[ICCResult "Black resigns"]
[WhiteElo "871"]
[BlackElo "1594"]
[Opening "Sicilian: Hungarian variation"]
[ECO "B27"]
[NIC "SI.43"]
[Time "15:10:47"]
[PlyCount "95"]
[TimeControl "1500+5"]

1. e4 c5 2. Nf3 g6 3. c3 d5 4. exd5 Qxd5 5. d4 cxd4 6. Qxd4 Qxd4 7. cxd4
Bg7 8. Be3 e6 9. Nc3 Ne7 10. Bb5+ Nbc6 11. O-O O-O 12. Rfd1 Nd5 13. Nxd5
exd5 14. Rac1 Bd7 15. Bxc6 Bxc6 16. Ne5 Rac8 17. Nxc6 Rxc6 18. Rxc6 bxc6
19. Rc1 Re8 20. h3 Re4 21. Rxc6 Bxd4 22. Bh6 Re1+ 23. Kh2 Re8 24. Rc2 Be5+
25. g3 d4 26. Rd2 f6 27. f4 Bc7 28. Rxd4 Re2+ 29. Kg1 Bb6 30. Kf1 Rf2+ 31.
Kxf2 Bxd4+ 32. Kf3 Bxb2 33. g4 Kf7 34. h4 Bc1 35. h5 a5 36. hxg6+ hxg6 37.
a4 g5 38. fxg5 fxg5 39. Ke4 Bf4 40. Kf5 Ke7 41. Bxg5+ Bxg5 42. Kxg5 Kf7 43.
Kf5 Kf8 44. Kg6 Kg8 45. g5 Kh8 46. Kf7 Kh7 47. g6+ Kh8 48. g7+ { Black
resigns } 1-0